Map: Dusk Towers

Players

ILLBdA

  • Race: Terran Terran
  • League: Diamond

무혀니 - Winner!

  • Race: Terran Terran
  • League: Diamond

VOD

Have the link to the VOD?

Description

Time

  • Played on: Dec. 16, 2015, 1:38 a.m.
  • Length: 3:05
Show
View Real Time Build Order
Export as new Build Order

ILLBdA Terran 

Build Orders:  

Get SALT Encoding   

  12  0:00  SCV  
  13  0:14  SCV  
  14  0:20  Supply Depot  
  14  0:26  SCV  
  15  0:31  Refinery  
  15  0:46  Barracks  
  15  0:59  Barracks  
  15  1:04  SCV  
  16  1:17  SCV  
  17  1:33  Reaper, Orbital Command  
  18  1:48  Reaper  
  18  1:53  Supply Depot  
  19  2:07  Barracks  
  20  2:15  Reaper  
  19  2:29  Reaper  
  19  3:02  Barracks  
Show
View Real Time Build Order
Export as new Build Order

무혀니 Terran - Winner!

Build Orders:  

Get SALT Encoding   

  12  0:08  SCV  
  13  0:14  Supply Depot  
  13  0:20  SCV  
  14  0:32  SCV  
  15  0:42  Barracks  
  15  0:44  Refinery  
  15  0:45  SCV  
  16  0:59  Barracks  
  16  1:12  Barracks  
  16  1:19  Refinery  
  16  1:29  Reaper  
  17  1:45  Reaper  
  18  1:49  SCV  
  18  1:53  Supply Depot  
  19  2:01  Reaper  
  19  2:05  Reaper  
  21  2:20  Reaper  
  20  2:31  Orbital Command  
  23  2:59  Barracks  
Tags
 
Matchup
TvT
Race
Terran
Replay Pack
me
Add a new tag
Caveats
  • Supply blocks, unpowered buildings, or Contaminate may cause inaccurate times.
  • Supply counts are checked every 10 seconds.